 Dungeon Crawl Stone Soup version 0.18-a0-1035-g72c9994 (webtiles) character file.

68 Duffy the Insei (level 4, 0/39 HPs)
             Began as a Hill Orc Monk on Jan 9, 2016.
             Succumbed to a goblin's poison
             ... on level 2 of the Dungeon.
             The game lasted 00:01:55 (1903 turns).

Duffy the Insei (Hill Orc Monk)                     Turns: 1903, Time: 00:01:55

Health: 0/39       AC:  6    Str: 13    XL:     4   Next: 19%
Magic:  4/4        EV:  9    Int: 10    God:
Gold:   53         SH:  0    Dex: 14    Spells: 0 memorised, 3 levels left

rFire  . . .     SeeInvis .       - Unarmed
rCold  . . .     Gourm    .     i - +0 scale mail
rNeg   . . .     Faith    .     (no shield)
rPois  .         Spirit   .     (no helmet)
rElec  .         Dismiss  .     (no cloak)
rCorr  .         Reflect  .     (no gloves)
SustAt .         Harm     .     (no boots)
MR     .....                    (no amulet)
Stlth  ..........               (no ring)
                                (no ring)

@: lethally poisoned (0 -> -29), not resistant to hostile enchantments,
extremely unstealthy
A: no striking features
a: no special abilities


You were on level 2 of the Dungeon.
You were not hungry.

You visited 1 branch of the dungeon, and saw 2 of its levels.

You collected 53 gold pieces.


   Skills:
 - Level 3.6 Fighting
 - Level 2.4 Dodging
 - Level 1.5 Stealth
 + Level 6.1 Unarmed Combat


You had 3 spell levels left.
You didn't know any spells.

Inventory:

Hand Weapons
 d - a +2 dagger of electrocution
Missiles
 l - 14 poisoned needles
Armour
 a - a +0 robe
 c - a +0 leather armour
 i - a +0 scale mail (worn)
Jewellery
 j - an uncursed ring of fire
Scrolls
 m - a scroll of fog {unknown}
 o - a scroll of recharging {unknown}
Comestibles
 b - 3 bread rations
 f - 4 fruits
 g - a beef jerky

Dungeon Overview and Level Annotations

Branches:
Dungeon (2/15)

Altars:


Message History

You are too injured to fight recklessly!
You are too injured to fight recklessly!
You are too injured to fight recklessly!
You closely miss the goblin.
You feel very sick. The goblin barely misses you.
The goblin hits you but does no damage.
You are more poisoned.
You hit the goblin.
You kill the goblin!
You feel very sick. The goblin barely misses you.
You hit the goblin.
The goblin is heavily wounded.
You feel very sick. The goblin hits you but does no damage.
Your scale mail prevents you from hitting the goblin.
The goblin is heavily wounded.
You feel sick. The goblin hits you but does no damage.
You hit the goblin.
You kill the goblin!
You feel very sick.
Drink which item? (? for menu, Esc to quit)
It was a potion of haste.
You feel yourself speed up.
You feel sick.
You are very lightly contaminated with residual magic.
Drink which item? (? for menu, Esc to quit)
It was a potion of magic.
Magic courses through your body.
You feel sick.
Drink which item? (? for menu, Esc to quit)
You don't have any such object.
Drink which item? (? for menu, Esc to quit)
It was a potion of cancellation.
Your magical effects are unravelling.
Your magical contamination has completely faded away.
You feel magically purged.
You feel yourself slow down.
You die...

#.#......# #.#g#...##
........# ######..# #
#..# ######..#
....#######
##.('..#..########
#.##))##......)@#
#.######.######)#
#g###.##.######.####
#.##.......gg......#
#.##..##.######.##.#
#.##...#.# #.##.#
#..%g..g.######....#
#####.).#........##.#
.......########.#...#


There were no monsters in sight!

Action                   |  1- 3 |  4- 6 || total
-------------------------+-------+-------++-------
Melee: Unarmed           |   137 |    22 ||   159
  Use: Potion            |       |     3 ||     3
 Stab: Sleeping          |     1 |       ||     1
  Eat: Chunk             |     2 |     1 ||     3

Notes
Turn   | Place    | Note
--------------------------------------------------------------
     0 | D:1      | Duffy the Hill Orc Monk began the quest for the Orb.
     0 | D:1      | Reached XP level 1. HP: 19/19 MP: 1/1
   217 | D:1      | Reached XP level 2. HP: 19/26 MP: 2/2
   345 | D:1      | Reached skill level 5 in Unarmed Combat
  1026 | D:1      | Reached XP level 3. HP: 31/31 MP: 3/3
  1569 | D:2      | Noticed Robin
  1585 | D:2      | Killed Robin
  1585 | D:2      | Reached skill level 6 in Unarmed Combat
  1585 | D:2      | Reached XP level 4. HP: 23/39 MP: 4/4
  1903 | D:2      | Succumbed to a goblin's poison

Vault maps used:
D:1:      saegor_arrival_simple_e, serial_glass, glass_columns_a,
          glass_columns_b, minmay_newt_pond
D:2:      supply_closet_lemuel, uniq_jessica, uniq_robin

Vanquished Creatures
  Robin
  An adder
  A giant gecko
  3 giant cockroaches
  9 goblins
  7 hobgoblins
  4 jackals
  3 kobolds
  A bat
  9 giant newts
  7 rats
46 creatures vanquished.
